 Dungeon Crawl Stone Soup version 0.25-a0-310-g60f0ac2d9a (webtiles) character file.

Game seed: 14272957658094145169, levelgen mode: classic

40810 Borgoz the Swashbuckler (level 14, -4/92 HPs)
             Began as a Kobold Gladiator on Dec 23, 2019.
             Was an Elder of Ashenzari.
             Slain by a five-headed hydra (6 damage)
             ... while petrified by a basilisk
             ... on level 1 of the Lair of Beasts.
             The game lasted 00:40:34 (17099 turns).

Borgoz the Swashbuckler (Kobold Gladiator)         Turns: 17099, Time: 00:40:35

Health: -4/92      AC: 17    Str: 14    XL:     14   Next: 46%
Magic:  0/22       EV:  3    Int: 10    God:    Ashenzari [****..]
Gold:   192        SH:  0    Dex: 18    Spells: 13/13 levels left

rFire    . . .     SeeInvis +   p - +6 short sword (curse)
rCold    + . .     Gourm    .   (shield restricted)
rNeg     + + +     Faith    .   u - +4 moon troll leather armour {Spirit, Regen++ MP+5} (curse)
rPois    ∞         Spirit   +   c - +1 helmet
rElec    +         Reflect  .   v - +0 cloak
rCorr    .         Harm     .   w - +1 pair of gloves
MR       +....     Clarity  +   I - +0 pair of boots of Fugas {+Inv rElec rC+ Stlth+} (curse)
Stlth    ++++......             (no amulet)
HPRegen  1.05/turn              (no ring)
MPRegen  0.18/turn              (no ring)

@: petrified
A: small, carnivore
a: Curse Item, Scrying, Renounce Religion, Evoke Invisibility


You were on level 1 of the Lair of Beasts.
You worshipped Ashenzari.
Ashenzari was greatly pleased with you.
You were completely stuffed.

You visited 3 branches of the dungeon, and saw 17 of its levels.
You also visited: Sewer.

You collected 984 gold pieces.
You spent 792 gold pieces at shops.

Inventory:

Hand Weapons
 a - a +0 rapier
 h - a +9 long sword
 p - a cursed +6 short sword (weapon)
 r - a +0 rapier
Missiles
 d - 2 throwing nets (quivered)
Armour
 c - a +1 helmet (worn)
 l - the +3 leather armour "Kutsiwk Abbe" {rC+ Str+5 Int+4}
   (You found it on level 5 of the Dungeon)

   It affects your strength (+5).
   It affects your intelligence (+4).
   It protects you from cold.
 t - a +2 ring mail of poison resistance
 u - the cursed +4 moon troll leather armour (worn) {Spirit, Regen++ MP+5}
   (You found it on level 4 of the Dungeon)

   It affects your magic capacity (+5).
   It increases your rate of regeneration.
   It has a curse placed upon it.
 v - a +0 cloak (worn)
 w - a +1 pair of gloves (worn)
 C - a scarf of spirit shield
 I - the cursed +0 pair of boots of Fugas (worn) {+Inv rElec rC+ Stlth+}
   (You bought it in a shop on level 10 of the Dungeon)

   It protects you from cold.
   It insulates you from electricity.
   It lets you turn invisible.
   It makes you more stealthy.
   It has a curse placed upon it.
Wands
 g - a wand of flame (36)
 i - a wand of random effects (36)
 m - a wand of digging (5)
 y - a wand of iceblast (12)
 z - a wand of paralysis (3)
 E - a wand of acid (6)
Scrolls
 e - 9 scrolls of teleportation
 k - 5 scrolls of blinking
 o - 5 scrolls of remove curse
 F - 4 scrolls of identify
 H - 3 scrolls of enchant armour
 J - a scroll of amnesia
Potions
 b - 3 potions of curing
 j - 2 potions of cancellation
 n - 2 potions of mutation
 q - a potion of brilliance
 s - 2 potions of flight
 A - a potion of might
 B - 3 potions of magic
 D - a potion of heal wounds
Comestibles
 f - 39 rations
 x - 9 chunks of flesh


   Skills:
 * Level 12.8 Fighting
 * Level 15.1(18.1) Short Blades
 - Level 2.1 Throwing
 * Level 10.0 Armour
 * Level 14.0 Dodging
 - Level 5.0 Stealth
 - Level 5.0 Evocations


You had 13 spell levels left.
You didn't know any spells.
Your spell library contained the following spells:

 Spells                   Type           Power        Failure   Level  Hunger
 Beastly Appendage        Tmut           #.....       41%         1    ##.....
 Foxfire                  Conj/Fire      #...         41%         1    ##.....
 Sticks to Snakes         Tmut           #.......     56%         2    ###....
 Conjure Flame            Conj/Fire      #.......     80%         3    ####...
 Inner Flame              Hex/Fire       #.......     80%         3    ####...
 Spider Form              Tmut/Pois      #.........   80%         3    ####...
 Ice Form                 Ice/Tmut       #.......     99%         4    #####..
 Sticky Flame             Conj/Fire      #.......     99%         4    #####..
 Blade Hands              Tmut           #.........   100%        5    ######.
 Fireball                 Conj/Fire      #.........   100%        5    ######.
 Irradiate                Conj/Tmut      #.........   100%        5    ######.
 Hydra Form               Tmut           #.........   100%        6    #######
 Statue Form              Tmut/Erth      #........    100%        6    #######
 Dragon Form              Tmut           #.........   100%        7    #######


Dungeon Overview and Level Annotations

Branches:
Dungeon (15/15)            Temple (1/1) D:5            Lair (1/6) D:8
    Orc (0/2) D:10         Vaults (0/5) D:14         Depths (0/5) D:15
  Sewer (visited)

Altars:
Ashenzari
Cheibriados
Dithmenos
Elyvilon
Fedhas
Gozag
Hepliaklqana
Kikubaaqudgha
Makhleb
Nemelex Xobeh
Okawaru
Qazlal
Ru
Sif Muna
Trog
Uskayaw
Vehumet
Wu Jian
Xom
Yredelemnul
Zin
The Shining One

Shops:
D:5 *   D:6 %   D:10 [   D:12 =[[

Portals:
Trove: D:12 (give 8 potions of haste)

Annotations:
D:12 3 runed translucent doors, Borgoz's ghost, journeyman HaMo
D:14 Roxanne


Innate Abilities, Weirdness & Mutations

You are small and have problems with some larger weapons.
You are carnivorous and can eat meat at any time.


Message History

Some of the chunks of flesh in your inventory have rotted away.
The basilisk bites you!
* * * LOW HITPOINT WARNING * * *
The five-headed hydra bites you but does no damage. x3
The five-headed hydra bites you.
* * * LOW HITPOINT WARNING * * *
The five-headed hydra barely misses you.
The basilisk bites you!
* * * LOW HITPOINT WARNING * * *
The five-headed hydra bites you.
* * * LOW HITPOINT WARNING * * *
The five-headed hydra bites you but does no damage. x3
The five-headed hydra bites you. The basilisk bites you.
* * * LOW HITPOINT WARNING * * *
The five-headed hydra bites you but does no damage.
The five-headed hydra bites you!
* * * LOW HITPOINT WARNING * * *
The five-headed hydra bites you!
You die...

, , , ** ,, , , ......#
#..>...# *#....).##
*........# ** ###
*#......## * **
**##P###@#######.......##
, ,
......Dl..$.............
, , ,
........................
,,,
.....>..........†.......
, , ,
..................†.....
,,
.......................!
,,
....................[...
*(#..###.######P......#.#
* ### ## ##.......##


You could see a five-headed hydra and a basilisk.

Vanquished Creatures
  A frost giant (D:15)
  Snorg (D:13)
  A hydra (D:15)
  3 centaur warriors
  3 two-headed ogres
  2 dancing weapons (D:15)
  Erica (D:9)
  An unseen horror (D:11)
  Pikel (D:3)
  14 ugly things
  2 deep elf magi
  2 manticores (D:15)
  5 cyclopes
  Maurice (D:8)
  2 spiny frogs (Lair:1)
  Joseph (D:8)
  A gargoyle (D:15)
  Psyche (D:8)
  A yaktaur (D:15)
  A kobold demonologist (D:12)
  2 rime drakes (Lair:1)
  3 trolls
  3 meliai (D:13)
  A hornet (D:13)
  6 slime creatures
  3 hippogriffs
  A basilisk (Lair:1)
  A human (D:8)
  26 yaks
  4 hogs (D:8)
  Eustachio (D:4)
  2 vampire mosquitoes (D:15)
  3 wargs
  7 water moccasins
  A porcupine (Lair:1)
  4 black bears
  9 orc warriors
  3 ice beasts
  2 phantoms
  A sky beast (D:9)
  An eye of draining (D:7)
  A necrophage (D:10)
  8 ogres
  3 centaurs
  3 big kobolds
  3 crocodiles
  12 bullfrogs
  A wyvern zombie (D:9)
  7 scorpions
  22 wights
  A water moccasin skeleton (D:9)
  10 killer bees
  4 howler monkeys
  4 bullfrog zombies
  9 crimson imps
  3 jellies
  A quasit (D:6)
  2 bullfrog skeletons
  10 orc priests
  7 centaur skeletons
  5 hounds
  14 orc wizards
  Jessica (D:2)
  3 iguanas
  6 worker ants
  Natasha (thrice) (D:2)
  A hound skeleton (D:11)
  Robin (D:2)
  13 adders
  2 shadow imps
  A worker ant simulacrum (D:10)
  An ooze (D:5)
  An adder skeleton (D:6)
  An adder zombie (D:6)
  A worm (D:2)
  2 dart slugs
  4 leopard geckos
  33 orcs
  2 ball pythons (D:2)
  7 giant cockroaches
  17 goblins
  14 hobgoblins
  16 jackals
  5 quokkas
  11 bats
  5 frilled lizards (D:2)
  23 kobolds
  7 rats
  A bush (D:2)
441 creatures vanquished.

Vanquished Creatures (others)
  An orc wizard (D:8)
  A hound skeleton (D:4)
  A giant cockroach (D:4)
  2 kobolds (D:9)
5 creatures vanquished.

Grand Total: 446 creatures vanquished

Notes
Turn   | Place    | Note
-------+----------+-------------------------------------------
     0 | D:1      | Borgoz the Kobold Gladiator began the quest for the Orb.
     0 | D:1      | Reached XP level 1. HP: 12/12 MP: 1/1
   120 | D:1      | Reached XP level 2. HP: 14/18 MP: 2/2
   755 | D:2      | Reached XP level 3. HP: 20/22 MP: 3/3
   790 | D:2      | Reached skill level 1 in Armour
   900 | D:2      | Reached XP level 4. HP: 27/27 MP: 4/4
   941 | D:2      | Noticed Robin
  1174 | D:2      | Killed Robin
  1622 | D:2      | Found a shadowy altar of Dithmenos.
  1702 | D:2      | Noticed Jessica
  1712 | D:2      | Killed Jessica
  1712 | D:2      | Reached skill level 5 in Short Blades
  1712 | D:2      | Reached XP level 5. HP: 24/32 MP: 5/5
  1759 | D:2      | Noticed Natasha
  1774 | D:2      | Killed Natasha
  2386 | D:2      | Noticed Natasha
  2401 | D:2      | Killed Natasha
  2401 | D:2      | Reached XP level 6. HP: 37/37 MP: 6/6
  2578 | D:2      | Noticed Natasha
  2582 | D:2      | Killed Natasha
  2626 | D:3      | Found a glowing golden altar of the Shining One.
  2690 | D:3      | Reached skill level 5 in Dodging
  2818 | D:3      | Found a bloodstained altar of Trog.
  2924 | D:3      | Found an opulent altar of Gozag.
  3525 | D:4      | Reached skill level 6 in Short Blades
  3525 | D:4      | Reached XP level 7. HP: 42/43 MP: 7/7
  3612 | D:4      | Noticed Pikel
  3631 | D:4      | Noticed Eustachio
  3679 | D:3      | Killed Pikel
  3679 | D:3      | Reached skill level 5 in Fighting
  3679 | D:3      | Reached skill level 7 in Short Blades
  3679 | D:3      | Reached XP level 8. HP: 18/49 MP: 8/8
  3933 | D:4      | Killed Eustachio
  4072 | D:4      | Found the +4 moon troll leather armour {Spirit, Regen++
                  | MP+5}
  4216 | D:5      | Entered Level 5 of the Dungeon
  4311 | D:5      | Found a glowing drain.
  4552 | Sewer    | Entered a sewer
  4654 | D:5      | Found a shattered altar of Ashenzari.
  4719 | D:5      | Found Reengul's Assorted Antiques.
  4726 | D:5      | Bought a scroll of identify for 56 gold pieces
  4729 | D:5      | Bought a scroll of identify for 56 gold pieces
  4730 | D:5      | Bought a scroll labeled JIKHLU PUTZUETEME for 28 gold
                  | pieces
  4730 | D:5      | Bought a scroll labeled ETSARO WOKLOTO for 28 gold pieces
  4730 | D:5      | Bought a large pearl ring for 140 gold pieces
  4767 | D:5      | Found a staircase to the Ecumenical Temple.
  4814 | Temple   | Entered the Ecumenical Temple
  4978 | D:5      | Became a worshipper of Ashenzari the Shackled
  5161 | D:5      | Identified the +3 leather armour "Kutsiwk Abbe" {rC+ Str+5
                  | Int+4}
  5243 | D:5      | Found an ancient bone altar of Kikubaaqudgha.
  5313 | D:6      | Reached skill level 8 in Short Blades
  5313 | D:6      | Reached XP level 9. HP: 55/55 MP: 9/9
  5427 | D:6      | Found Huuddokk's Food Emporium.
  5611 | D:6      | Found a sacrificial altar of Ru.
  5700 | D:6      | Found a white marble altar of Elyvilon.
  5786 | D:6      | Found a snail-covered altar of Cheibriados.
  5805 | D:6      | Found a hazy altar of Hepliaklqana.
  5805 | D:6      | Found a shimmering blue altar of Sif Muna.
  6245 | D:7      | Reached * piety under Ashenzari
  6259 | D:7      | Noticed a hippogriff
  6282 | D:7      | Killed a hippogriff
  6282 | D:7      | Reached skill level 9 in Short Blades
  6331 | D:7      | Found a stormy altar of Qazlal.
  6404 | D:7      | Reached skill level 5 in Armour
  6891 | D:8      | Noticed Maurice
  6961 | D:8      | Killed Maurice
  6961 | D:8      | Reached XP level 10. HP: 63/63 MP: 10/10
  7067 | D:8      | Noticed Joseph
  7088 | D:8      | Killed Joseph
  7088 | D:8      | Reached skill level 10 in Short Blades
  7270 | D:8      | Found a staircase to the Lair.
  7797 | D:9      | Noticed Psyche
  7808 | D:8      | Killed Psyche
  7898 | D:9      | Reached skill level 10 in Dodging
  7918 | D:9      | Reached XP level 11. HP: 69/69 MP: 11/11
  8137 | D:9      | Noticed Erica
  8178 | D:9      | Reached skill level 11 in Short Blades
  8215 | D:9      | Killed Erica
  8494 | D:9      | Found a basalt altar of Yredelemnul.
  8579 | D:9      | Reached skill level 1 in Stealth
  8722 | D:9      | Reached ** piety under Ashenzari
  9049 | D:10     | Entered Level 10 of the Dungeon
  9673 | D:10     | Found a staircase to the Orcish Mines.
 10066 | D:10     | Noticed a cyclops
 10104 | D:10     | Found Udoisaah's Armour Shoppe.
 10243 | D:11     | Reached skill level 12 in Short Blades
 10412 | D:11     | Reached skill level 10 in Fighting
 10626 | D:11     | Reached XP level 12. HP: 76/76 MP: 12/12
 10770 | D:11     | Killed an unseen horror
 11090 | D:11     | Noticed a two-headed ogre
 11179 | D:11     | Killed a two-headed ogre
 11426 | D:12     | Found Beteizol's Jewellery Emporium.
 11447 | D:12     | Found a portal to a secret trove of treasure.
 11547 | D:12     | Found a shattered altar of Ashenzari.
 11604 | D:12     | Found Haatrits's Antique Armour Shop.
 11605 | D:12     | Found Upuwk's Antique Armour Emporium.
 11616 | D:12     | Found a runed translucent gate.
 11616 | D:12     | Found a runed translucent gate.
 11616 | D:12     | Found a runed translucent gate.
 11616 | D:12     | Noticed a tengu warrior
 11616 | D:12     | Noticed a tengu warrior
 11616 | D:12     | Noticed Borgoz's ghost (journeyman HaMo)
 11617 | D:12     | Found an iron altar of Okawaru.
 11617 | D:12     | Noticed a naga warrior
 11617 | D:12     | Noticed a tengu warrior
 11617 | D:12     | Noticed a tengu warrior
 11619 | D:12     | Identified the cursed +0 great sword of Jettel {freeze,
                  | +Blink +Inv MR- Dex+5}
 11640 | D:12     | Reached skill level 5 in Stealth
 12140 | D:10     | Reached skill level 13 in Short Blades
 12255 | D:12     | Reached *** piety under Ashenzari
 12742 | D:12     | Noticed a two-headed ogre
 12754 | D:12     | Killed a two-headed ogre
 12886 | D:13     | Reached skill level 1 in Evocations
 12926 | D:13     | Noticed a centaur warrior
 12941 | D:13     | Killed a centaur warrior
 13013 | D:13     | Identified the cursed +2 spear of Bankruptcy {flame, rF+}
 13153 | D:13     | Reached XP level 13. HP: 83/83 MP: 14/14
 13262 | D:13     | Noticed a centaur warrior
 13302 | D:13     | Killed a centaur warrior
 13579 | D:10     | Bought the cursed +0 pair of boots of Fugas {+Inv rElec rC+
                  | Stlth+} for 484 gold pieces
 13954 | D:14     | Noticed Roxanne
 13956 | D:14     | Noticed a white very ugly thing
 14022 | D:14     | Found a gate to the Vaults.
 14026 | D:14     | Noticed Snorg
 14031 | D:15     | Entered Level 15 of the Dungeon
 14096 | D:15     | Reached **** piety under Ashenzari
 14706 | D:15     | Reached skill level 14 in Short Blades
 15309 | D:14     | Noticed an eight-headed hydra
 15319 | D:15     | Killed an eight-headed hydra
 15477 | D:15     | Reached XP level 14. HP: 16/92 MP: 14/17
 15786 | D:15     | Found a staircase to the Depths.
 15786 | D:15     | Noticed a frost giant
 15799 | D:15     | Killed a frost giant
 15987 | D:13     | Killed Snorg
 16191 | D:13     | Reached skill level 5 in Evocations
 16639 | Lair:1   | Entered Level 1 of the Lair of Beasts
 16799 | Lair:1   | Reached skill level 15 in Short Blades
 16912 | Lair:1   | Reached skill level 10 in Armour
 17099 | Lair:1   | HP: 2/92 [five-headed hydra (5)]
 17099 | Lair:1   | Slain by a five-headed hydra

Levels and vault maps discovered:
D:1:      scummos_arrival_simple_crosswalls, layout_loops_ring,
          minmay_misc_feat_cross
D:2:      minmay_skewed_foursquare, layout_basic, lemuel_crystal_altar,
          serial_forest, infiniplex_forest_clump_long,
          infiniplex_forest_corner_2, infiniplex_forest_lined_room_3,
          infiniplex_forest_clump_large, infiniplex_forest_clump_curved,
          infiniplex_forest_clump_double, infiniplex_forest_clump_tiny,
          infiniplex_forest_end_1, uniq_natasha, uniq_robin, uniq_jessica
D:3:      layout_rooms, tso_metal_star, lemuel_round_altar,
          lightli_temple_of_fire
D:4:      layout_rooms, uniq_pikel, uniq_eustachio
D:5:      layout_loops_cross, lemuel_coloured_pillars_altar, lemuel_round_altar,
          minmay_temple_entry_water_ring, first_ration, serial_shops,
          shop_fountains, portal_sewer_entry_f
D:6:      layout_loops_ring, lemuel_crystal_altar, nicolae_ru_awakened_eye,
          chequers_temple_overflow_statue_of_worship, serial_shops,
          nicolae_shop_statue_plus, roderic_nine_men_s_morris, st_stairs_8
D:7:      layout_gridville, kennysheep_mini
D:8:      layout_basic, erik_lair_orcish_takeover, grunt_livestock,
          minmay_circle_x, uniq_maurice, uniq_joseph
D:9:      layout_stronghold, yredelemnul_altar_generic, uniq_erica, uniq_psyche
D:10:     layout_loops_ring, david_orc_1_choice, serial_shops,
          kennysheep_little_box, minmay_misc_feat_enclosed, grunt_tough_drop
D:11:     layout_loops_corners
D:12:     layout_basic, serial_shops, nicolae_shop_waterfront, shop, shop,
          gammafunk_ghost_fury_of_okawaru, basic_altar,
          nicolae_trove_entry_free_sample
D:13:     layout_stronghold
D:14:     minmay_inside_and_out, layout_cave_pools, erik_vaults_1, uniq_snorg,
          uniq_roxanne
D:15:     grunt_enter_depths_snipers, layout_gridville
Temple:   nicolae_temple_figure_zero
Lair:1:   layout_big_grid, grunt_megastairs_1

Skill      XL: |  1  2  3  4  5  6  7  8  9 10 11 12 13 14 |
---------------+-------------------------------------------+-----
Dodging        | 4 5 6 7 8 10 11 12 13 14 | 14.0
Armour         | 1 2 3 4 5 6 7 8 9 10 | 10.0
Fighting       | 3 4 5 6 7 8 10 11 12 | 12.8
Short Blades   | 5 6 7 8 9 10 12 13 14 15 | 15.1
Stealth        | 3 5 |  5.0
Evocations     | 1 4 5 |  5.0
Throwing       | |  2.1

Action                   |  1- 3 |  4- 6 |  7- 9 | 10-12 | 13-15 || total
-------------------------+-------+-------+-------+-------+-------++-------
Melee: Rapier            |    90 |       |       |       |       ||    90
       Short sword       |       |   305 |   387 |  1296 |   899 ||  2887
       Scimitar          |       |       |    32 |       |       ||    32
Throw: Throwing net      |       |       |       |     2 |     5 ||     7
Invok: Curse Item        |       |       |     2 |       |       ||     2
Evoke: Wand              |       |       |       |     1 |     7 ||     8
  Use: Scroll            |       |     5 |    13 |    10 |     8 ||    36
       Potion            |       |     1 |     1 |     3 |    11 ||    16
 Stab: Held in net/web   |       |       |       |     3 |     1 ||     4
       Sleeping          |       |       |       |    13 |    11 ||    24
       Distracted        |       |       |       |     3 |     1 ||     4
       Paralysed         |       |       |       |       |     4 ||     4
  Eat: Chunk             |     8 |     9 |    11 |    21 |    13 ||    62
Armor: Leather armour    |     4 |       |       |       |       ||     4
       Ring mail         |    26 |    57 |    22 |       |       ||   105
       Troll leather arm |       |       |    60 |   162 |   173 ||   395
       Skin              |       |       |       |       |    29 ||    29
Dodge: Dodged            |    59 |   208 |   346 |   663 |   589 ||  1865
       Rpst.: Scimitar   |       |       |     9 |       |       ||     9

Table legend:
 A = Non-vault XP
 B = Vault XP
 C = Vault XP percentage of total XP
 D = Non-vault monster count
 E = Vault monster count
 F = Vault count percentage of total count
                 A         B        C        D         E       F
            +---------+---------+-------+---------+---------+-------
      Total |   44413 |   13887 |  23.8 |     365 |      76 |  17.2
            +---------+---------+-------+---------+---------+-------
        D:1 |      28 |       0 |   0.0 |      16 |       0 |   0.0
        D:2 |     145 |     105 |  42.0 |      32 |      16 |  33.3
        D:3 |      46 |     671 |  93.6 |      13 |       5 |  27.8
        D:4 |     260 |     160 |  38.1 |      14 |       1 |   6.7
        D:5 |     427 |      10 |   2.3 |      13 |       4 |  23.5
        D:6 |     976 |       0 |   0.0 |      22 |       0 |   0.0
        D:7 |     843 |       0 |   0.0 |      17 |       0 |   0.0
        D:8 |     278 |    3237 |  92.1 |       6 |      21 |  77.8
        D:9 |    2228 |     902 |  28.8 |      36 |       1 |   2.7
       D:10 |    2648 |    1132 |  29.9 |      42 |      12 |  22.2
       D:11 |    7168 |       0 |   0.0 |      58 |       0 |   0.0
       D:12 |    3274 |       0 |   0.0 |      16 |       0 |   0.0
       D:13 |    7513 |    1140 |  13.2 |      25 |       1 |   3.8
       D:15 |   13824 |    5837 |  29.7 |      32 |       6 |  15.8
     Lair:1 |    4755 |     585 |  11.0 |      23 |       3 |  11.5
      Sewer |       0 |     108 | 100.0 |       0 |       6 | 100.0
            +---------+---------+-------+---------+---------+-------
